[Event "Marcel Invitational Chess-ch 2022"]
[Site "Dhaka"]
[Date "2022.04.24"]
[Round "6.5"]
[White "Jamal Uddin"]
[Black "Jabed Al Azad"]
[Result "1-0"]
[ECO "D74"]
[WhiteElo "2106"]
[BlackElo "2060"]
[Annotator "TA"]
[PlyCount "105"]
[EventDate "2022.04.18"]
[EventCountry "BAN"]
[SourceTitle "playchess.com"]
[Source "ChessBase"]
[SourceQuality "1"]
[TimeControl "5400+30"]

1. d4 Nf6 2. Nf3 g6 3. c4 Bg7 4. Nc3 d5 5. g3 O-O 6. Bg2 c6 7. cxd5 Nxd5 8. O-O Nd7 9. e4 Nxc3 10. bxc3 e5 11. Qb3 {[%emt 0:05:41] D74: Fianchetto Grünfeld: Main Line (5 Nf3 0-0 6 cxd5 Nxd5 7 0-0).} exd4 12. cxd4 Nb6 13. Bg5 {[%emt 0:03:51] [#] White is slightly better.} Qe8 $146 ({Predecessor:} 13... Bf6 14. Bxf6 Qxf6 15. e5 Qe7 16. Rfe1 Be6 17. Qe3 Kg7 18. h4 h5 {½-½ (53) Vantika,A (2243)-Aakanksha,H (2246) Surakarta 2019}) 14. Rfe1 Bg4 15. Rad1 Qc8 16. a4 h6 17. Bf4 g5 18. Bd6 Rd8 19. Bc5 Be6 20. Qc2 Qc7 21. e5 Bd5 22. Nd2 (22. h4 $142) 22... Qd7 (22... Bxg2 $142 23. Kxg2 Nd5) 23. a5 $16 Nc8 24. Ne4 b6 25. Bb4 {[%emt 0:01:09] &Bianco is much more active. The black rooks are badly placed.} Qe6 ({Black should play} 25... Ne7) 26. Ra1 Rb8 27. axb6 axb6 28. Bc3 (28. Ra3 $18) 28... Rb7 29. Qe2 Rc7 30. Bf3 c5 (30... Qf5 $16 {is a better defense.}) 31. dxc5 $1 $18 Bxe4 32. Bxe4 ({Don't do} 32. Qxe4 $6 Rxc5 33. Bb2 Ne7 $16) 32... Rxc5 {[%emt 0:00:57] [#]} 33. Bb2 {[%emt 0:01:01] This bishop pair is nice.} Ne7 34. f4 gxf4 (34... Qc4 $142 35. Rad1 Rxd1 36. Qxd1 Ng6) 35. gxf4 Rc4 36. Kh1 b5 37. Rg1 Kh8 38. Qg2 Rg8 39. Ra8 Rcc8 40. Rxc8 {[%emt 0:06:51] Chess con chili.} Qxc8 41. f5 {[%emt 0:00:35] Inhibits Qe6.} (41. Qf3 $18 {has better winning chances. Strongly threatening f5.} Qf8 42. f5) 41... Nxf5 $16 42. Bxf5 (42. Qf3 $16 Ne7 43. Qxf7) 42... Qxf5 $11 43. e6 f6 (43... Qg6 44. Bxg7+ Kxg7 45. Qb2+ f6 46. Rxg6+ $18) (43... Qxe6 $11 44. Bxg7+ Kh7) 44. Qc6 ({White should try} 44. e7 $14 Qe6 45. Ba3) 44... Bf8 {[%emt 0:00:14] aiming for ...Rxg1+.} 45. Rxg8+ {[%emt 0:09:56][%mdl 64] Remove Defender} Kxg8 46. Kg2 {[%emt 0:00:32] Prevents Qf1+.} Qg4+ 47. Kf2 Qf5+ 48. Kg3 (48. Kg2 $11) 48... Qd3+ $15 ({Weaker is} 48... Qg5+ 49. Kf3 $17) 49. Kh4 Qg6 $1 {[%emt 0:02:59] White must now prevent ...Qg5+.} 50. Qd7 $2 ({Not} 50. Qd5 $2 Be7 51. Kh3 b4 $19) (50. Qxb5 $17 Qe4+ 51. Kg3) 50... f5 51. Qd4 Be7+ 52. Kh3 {[%emt 0:00:11] [#]} Qxe6 $4 (52... Bf6 $1 $19 53. Qd1 Bxb2) 53. Qg7# {[%emt 0:00:31] White used his chance.  Weighted Error Value: White=0.37/Black=0.27 (precise)} 1-0

[Event "Marcel Invitational Chess-ch 2022"]
[Site "Dhaka"]
[Date "2022.04.24"]
[Round "6.6"]
[White "Md, Sariatullah"]
[Black "Mohammad, Javed"]
[Result "1-0"]
[ECO "B12"]
[WhiteElo "1971"]
[BlackElo "2070"]
[Annotator "TA"]
[PlyCount "69"]
[EventDate "2022.04.18"]
[EventCountry "BAN"]
[SourceTitle "playchess.com"]
[Source "ChessBase"]
[SourceQuality "1"]
[TimeControl "5400+30"]

1. e4 c6 2. d4 d5 3. e5 Bf5 4. Ne2 e6 5. Ng3 Bg6 6. h4 h5 7. Bd3 Ne7 {[%emt 0:00:33][%cal Oc6c5] B12: Caro-Kann: Advance Variation.} 8. Nc3 Qb6 {[%emt 0:00:58] [#]} 9. Nce2 $146 ({Predecessor:} 9. O-O Bxd3 10. Qxd3 Nd7 11. a4 Ng6 12. Bg5 c5 13. Nxd5 exd5 14. e6 Nf6 15. Bxf6 gxf6 {1-0 (41) Petruzzelli,R (2049)-Gerard,A (1934) ICCF email 2014}) 9... c5 {[%emt 0:02:55] The position is equal.} 10. c3 cxd4 11. cxd4 Nbc6 12. a3 a6 (12... Na5 {is more complex.} 13. Qa4+ Kd8 14. Bxg6 Nxg6 15. b4 Nc4) 13. b4 Bxd3 $1 14. Qxd3 Ng6 15. f4 (15. Bg5 $5 ) 15... Be7 16. f5 Nf8 17. Be3 Rc8 {[%emt 0:01:25] Black is now going downhill.} (17... Qb5 $14 18. Qb1 a5) 18. Rc1 Rc7 (18... Qd8 $16) 19. Kf2 ({White should play} 19. Nf4 $18) 19... f6 (19... Bd8 $16) 20. Rhd1 $18 Kf7 (20... fxe5 21. dxe5 Qb5) 21. Nf4 Rc8 22. fxe6+ Kg8 23. Nxd5 {[%emt 0:00:33] Strongly threatening Rxc6.} Qd8 {[%emt 0:00:23] [#]} 24. exf6 $1 Bxf6 25. Qf5 Bxh4 26. Nf4 (26. Qf7+ $142 Kh7 27. Qxh5+ Kg8 28. Qf7+ Kh7 29. e7 Qxd5 30. Qxd5 Nxe7 31. Qe4+ Nfg6 32. Rxc8 Rxc8 33. Rh1) 26... Rh6 27. d5 ({Less strong is} 27. Qf7+ Kh8 $16) 27... Ne7 28. Qf7+ Kh8 29. Rxc8 Nxc8 30. Bd4 Bxg3+ 31. Kxg3 h4+ 32. Kh2 Rh7 33. Bc5 (33. Be5 $142 h3 34. gxh3 Qe7 35. Qxe7 Nxe7 36. d6 Nc6 {[#]} 37. e7 $1 Kg8 38. e8=Q) 33... g5 34. Qxf8+ (34. Bd4+ $142 Rg7 35. Qxg7#) 34... Qxf8 35. Ng6+ {[%emt 0:00:01] Weighted Error Value: White=0.60/Black=1.14} 1-0

[Event "Marcel Invitational Chess-ch 2022"]
[Site "Dhaka"]
[Date "2022.04.25"]
[Round "7.2"]
[White "Manon, Reja Neer"]
[Black "Anata, Choudhury"]
[Result "1/2-1/2"]
[ECO "B92"]
[WhiteElo "2209"]
[BlackElo "2170"]
[Annotator "TA"]
[PlyCount "61"]
[EventDate "2022.04.18"]
[EventCountry "BAN"]
[SourceTitle "playchess.com"]
[Source "ChessBase"]
[SourceQuality "1"]
[TimeControl "5400+30"]

1. e4 c5 2. Nf3 d6 3. d4 cxd4 4. Nxd4 Nf6 5. Nc3 a6 6. Be3 e5 7. Nb3 Be7 8. Be2 Be6 9. O-O O-O 10. f4 exf4 11. Bxf4 {[%emt 1:32:37] 11.Bxf4 is better than 11.Rxf4.} Nc6 12. Qe1 {[%emt 0:00:00] The position is equal.} d5 {[%emt 0:00:29] B92: Sicilian Najdorf: 6 Be2.} 13. exd5 Nxd5 14. Nxd5 Qxd5 15. Rd1 Qe4 16. Bd3 Qxe1 17. Rfxe1 Rfe8 18. Be4 {[%emt 0:00:00] [#]} Bh4 $146 ({Predecessor:} 18... a5 19. c3 a4 20. Nd4 Bc5 21. Kh1 Bxd4 22. cxd4 f5 23. Bxc6 bxc6 24. a3 Bb3 {½-½ (46) Laine,E (2234)-Vornanen,A (2337) ICCF email 2010}) 19. Bg3 Bxg3 20. hxg3 Bxb3 21. cxb3 Re6 {[%emt 0:03:35] [#] Strongly threatening ...Rae8.} 22. Bf3 Rxe1+ 23. Rxe1 Rd8 24. Bxc6 bxc6 $11 {[%emt 0:00:09][%mdl 4096] Endgame KR-KR} 25. Re7 g6 26. Rc7 Rd1+ 27. Kh2 Rd6 28. b4 Rd2 29. Rxc6 Rxb2 30. a3 a5 $1 31. bxa5 {[%emt 0:00:00] An interesting draw.  Weighted Error Value: White=0.01 (flawless) /Black=0.01 (flawless)} 1/2-1/2

[Event "Marcel Invitational Chess-ch 2022"]
[Site "Dhaka"]
[Date "2022.04.25"]
[Round "7.3"]
[White "Islam, Khandaker Aminul"]
[Black "Ahmed, Shafiq"]
[Result "0-1"]
[ECO "A04"]
[WhiteElo "2153"]
[BlackElo "2090"]
[Annotator "TA"]
[PlyCount "102"]
[EventDate "2022.04.18"]
[EventCountry "BAN"]
[SourceTitle "playchess.com"]
[Source "ChessBase"]
[SourceQuality "1"]
[TimeControl "5400+30"]

1. d4 f5 2. c4 Nf6 3. Nf3 e6 4. g3 Be7 5. Bg2 O-O 6. O-O d6 7. b3 c6 8. Bb2 Na6 {[%emt 0:01:47] A04: Unusual lines after 1 Nf3 and King's Indian Attack.} 9. Nc3 {[%emt 0:02:03] [#]} Ne4 $146 ({Predecessor:} 9... Nc7 10. Qc2 Bd7 11. e4 fxe4 12. Nxe4 Nxe4 13. Qxe4 Be8 14. Rad1 Bh5 15. Rd2 Qe8 {1-0 (70) Kopasov,E (2110)-Pimenov,R St Petersburg 2007}) 10. Nd2 Nxd2 {[%emt 0:00:56] White has an edge.} 11. Qxd2 d5 12. e3 Bd7 13. Ne2 Nc7 14. Nf4 Be8 15. a4 g5 16. Nd3 Bf6 17. a5 Bh5 18. f3 Rb8 19. Bc3 Rf7 20. Kh1 Bg6 21. Nc5 Be7 22. Nd3 Bf6 $1 23. Rad1 h5 24. e4 Rh7 25. e5 ({White should try} 25. exd5 $16 cxd5 26. Ne5) 25... Be7 $11 26. Kg1 h4 27. f4 g4 28. Rf2 Na6 29. Qe3 Qf8 30. Rc2 b6 31. axb6 Rxb6 (31... axb6 $11 32. gxh4 Nc7) 32. Ra1 $16 hxg3 33. hxg3 {[%emt 0:00:11] Hoping for c5.} ({Much weaker is} 33. Qxg3 Nc7 $11) 33... Nb4 (33... Qh6 $2 34. c5 Nxc5 35. dxc5 $18) 34. Bxb4 Bxb4 35. c5 Rb5 36. Ra4 Ba5 37. b4 Bd8 38. Ra6 Be8 39. Rca2 Rbb7 (39... Qh6 40. Rxa7 Qh5 41. Ra8 $16) 40. Qc1 Qh6 41. Kf2 (41. Kf1 $14) 41... Qh2 $11 42. R2a3 (42. Qg1 $2 Qxg3+ $3 43. Kxg3 Bh4+ 44. Kh2 Bf2+ 45. Bh3 Rxh3+ 46. Kg2 Bxg1 47. Kxg1 Rxd3 $19) 42... Rh3 $1 43. Ne1 $1 Rxb4 44. Rxa7 $2 (44. Nc2 $11 Rb7 45. Qg1) 44... Rb8 $2 (44... Rxd4 $19 {...Rc4 is the strong threat.} 45. Ra8 {[#]} Rxg3 $1 46. Rxg3 Bh4 $1) 45. Rc3 Kf8 46. Qa1 Rb4 {[%emt 0:03:20][%cal Bb8b4,Bb4c4,Bc4c2][%mdl 32] Chess con chili.} 47. Nc2 (47. Rca3 $11) 47... Rc4 $19 {[%emt 0:00:17][%cal Oh3g3] Black is clearly winning.} 48. Raa3 {[%emt 0:00:48] [#]} Rxg3 $3 49. Rxg3 Rxc2+ 50. Kf1 Bh4 51. Qd1 Rc4 {[%emt 0:01:26] Weighted Error Value: White=0.38/Black=0.17 (very precise)} ({Worse is} 51... Bxg3 52. Qxc2 Bxf4 53. Qe2 $17) 0-1

[Event "Marcel Invitational Chess-ch 2022"]
[Site "Dhaka"]
[Date "2022.04.25"]
[Round "7.4"]
[White "Ahmed, Sheikh Nasir"]
[Black "Jamal Uddin"]
[Result "1-0"]
[ECO "B90"]
[WhiteElo "2168"]
[BlackElo "2106"]
[Annotator "TA"]
[PlyCount "61"]
[EventDate "2022.04.18"]
[EventCountry "BAN"]
[SourceTitle "playchess.com"]
[Source "ChessBase"]
[SourceQuality "1"]
[TimeControl "5400+30"]

1. e4 c5 2. Nf3 d6 3. d4 cxd4 4. Nxd4 Nf6 5. Nc3 a6 6. h3 e5 {[%emt 0:01:48] 6...e5 scores better than 6...e6.} 7. Nde2 h5 {[%emt 0:00:53] B90: Sicilian Najdorf: Unusual White 6th moves, 6 Be3 Ng4 and 6 Be3 e5.} 8. g3 Be7 9. Bg2 Be6 {[%emt 0:01:05] White is slightly better.} 10. O-O Nbd7 11. a4 Qc7 12. Be3 {[%emt 0:03:59] [#]} g6 $146 ({Predecessor:} 12... Rc8 13. a5 O-O 14. b3 Rfe8 15. Ra2 Bf8 16. Nd5 Bxd5 17. exd5 e4 18. c4 g6 {½-½ (61) Vachier Lagrave,M (2722)-Makarov,M (2518) Loo 2013}) 13. f4 Bc4 14. Rf2 Bxe2 (14... O-O $14) 15. Qxe2 $16 ({Don't play} 15. Rxe2 Nb6 $14) 15... Kf8 (15... Rc8 $16) 16. Raf1 {[%emt 0:03:27] [#] Hoping for fxe5.} Kg7 $2 (16... Rh7 {was called for.} 17. f5 g5 18. Bxg5 Qb6) 17. fxe5 $18 ({Not} 17. f5 g5 18. Bxg5 Qb6 $16) 17... dxe5 18. Nd5 Nxd5 (18... Qd6 19. Nxe7 Qxe7) 19. Rxf7+ {[%emt 0:00:37] White is clearly winning.} ({Weaker is} 19. exd5 f5 $11) 19... Kg8 20. exd5 {[%emt 0:00:20] Strongly threatening d6.} Qd6 {[%emt 0:01:25] [#]} 21. c4 (21. Rxe7 $142 $1 Qxe7 22. d6) 21... Rf8 22. Rxf8+ Bxf8 23. Qc2 Bh6 24. Bf2 {[%emt 0:00:22] Black must now prevent c5. This bishop pair is nice.} Bf8 25. b4 b6 {[%emt 0:05:58] Against c5} 26. Rc1 Kh7 27. c5 bxc5 28. bxc5 Qc7 29. d6 Qc8 30. Qb3 Bg7 31. Qb7 {[%emt 0:01:22] Black did not feel at home in the position after the opening.  Weighted Error Value: White=0.25 (precise) /Black=0.52} 1-0

[Event "Marcel Invitational Chess-ch 2022"]
[Site "Dhaka"]
[Date "2022.04.25"]
[Round "7.5"]
[White "Rahman, Syed Mahfuzur"]
[Black "Md, Sariatullah"]
[Result "1-0"]
[ECO "B41"]
[WhiteElo "2113"]
[BlackElo "1971"]
[Annotator "TA"]
[PlyCount "57"]
[EventDate "2022.04.18"]
[EventCountry "BAN"]
[SourceTitle "playchess.com"]
[Source "ChessBase"]
[SourceQuality "1"]
[TimeControl "5400+30"]

1. d4 Nf6 2. Nf3 e6 3. c4 c5 4. Nc3 cxd4 5. Nxd4 a6 6. e4 Qc7 7. f4 {[%emt 0:07:06] White wants to play e5.} d6 {[%emt 0:00:05] Against e5. B41: Sicilian: Kan Variation: 5 c4.} (7... Bb4 $11) 8. Be3 b6 9. Be2 {[%emt 0:06:09] &Bianco is more active.} Bb7 {[%emt 0:00:18] White is slightly better.} 10. Qc2 Nbd7 11. Rc1 Rc8 12. O-O Be7 13. b3 O-O {[%emt 0:01:03] [#]} 14. g4 $146 {[%emt 0:02:41] aiming for g5.} ({Predecessor:} 14. Bf3 Qb8 15. g4 Nc5 16. g5 Ne8 17. h4 b5 18. cxb5 axb5 19. Ndxb5 Ba6 20. a4 {0-1 (36) Rorrer,G (2117)-Sergienko,S (2335) Chess.com INT 2021}) 14... h6 {[%emt 0:10:10] [#] Black cannot hold the game after this.} (14... d5 $1 $11 {and Black is okay.}) 15. g5 $36 {[%emt 0:04:39][%mdl 2048] White has strong initiative.} hxg5 16. fxg5 Nh7 17. g6 fxg6 18. Nxe6 Rxf1+ 19. Rxf1 ({Resist} 19. Kxf1 Qb8 $16) 19... Qb8 20. Nd5 Bxd5 (20... Bf6 $142 21. Nef4 (21. Nxb6 Nxb6 22. e5 Re8 $16) 21... Ne5 22. Nxb6 (22. Bxb6 g5 $11) 22... Ng5) 21. exd5 Ne5 22. Bd4 {[%emt 0:01:21] [#] Threatens to win with Bxe5.} Bf6 (22... Rf8 23. Nxf8 Nxf8 24. Bxe5 dxe5) 23. Bxe5 dxe5 24. Qxg6 {[%emt 0:01:06][%cal Of1f6] And now Rxf6! would win.} Nf8 25. Qg4 {[%emt 0:03:19] Threatening mate with Rxf6.} Nxe6 26. Qxe6+ Kf8 27. Bh5 (27. d6 $142 Re8 28. Rxf6+ gxf6 29. Qxf6+ Kg8 30. c5) 27... Qc7 28. d6 Qc5+ 29. Rf2 {[%emt 0:00:32] Weighted Error Value: White=0.14 (very precise) /Black=0.77} 1-0

[Event "Marcel Invitational Chess-ch 2022"]
[Site "Dhaka"]
[Date "2022.04.25"]
[Round "7.6"]
[White "abu, Hanif"]
[Black "Mohammad, Din"]
[Result "1-0"]
[ECO "A46"]
[WhiteElo "2020"]
[BlackElo "1793"]
[Annotator "TA"]
[PlyCount "63"]
[EventDate "2022.04.18"]
[EventCountry "BAN"]
[SourceTitle "playchess.com"]
[Source "ChessBase"]
[SourceQuality "1"]
[TimeControl "5400+30"]

1. d4 c5 2. c3 Nf6 3. Nf3 e6 4. Bf4 cxd4 5. Nxd4 a6 6. e3 {[%emt 0:00:22] A46: 1 d4 Nf6 2 Nf3 e6: Torre, London and Colle Systems.} Nc6 7. Bg3 d5 8. Nd2 {[%emt 0:00:12] The position is equal.} Bd6 9. Be2 {[%emt 0:00:25] [#]} (9. Qa4 $5 Bxg3 10. hxg3 $11) 9... O-O $146 ({Predecessor:} 9... e5 10. Nxc6 bxc6 11. O-O O-O 12. c4 Qe7 13. Qc2 Re8 14. Rac1 h6 15. Rfd1 Bb7 {0-1 (77) Herrmann,A (2142)-Polster,C (2256) Germany 2017}) 10. Rc1 e5 11. N4b3 b5 12. O-O Bb7 13. f4 (13. Bh4 $11) 13... Qb6 14. Bf2 e4 (14... Qc7 $15 {might be stronger.} 15. Bg3 exf4 16. Bxf4 Rae8) 15. Nd4 $11 Nxd4 16. cxd4 Rac8 17. Qb3 h5 18. Bh4 Ng4 19. h3 {[%emt 0:00:08] aiming for Rxc8.} Nf6 (19... Rxc1 $11 20. Rxc1 Nh6) 20. Bxf6 $16 gxf6 21. Bxh5 f5 22. Nb1 b4 {[%emt 0:00:25] [#]} 23. Nc3 $1 Qa5 {[%emt 0:00:48] Threatens to win with ...Bc6.} 24. Ne2 Bc6 {[%emt 0:00:13] [#]} 25. Ng3 $2 (25. Rxc6 $1 $16 {[%mdl 512] keeps the pressure on.} Rxc6 26. Ng3) 25... Ba4 $19 26. Nxf5 ({Reject} 26. Rxc8 Rxc8 27. Nxf5 Bf8) 26... Bxb3 27. Rxc8 Bxa2 $2 (27... Rxc8 $19 28. Bxf7+ Kxf7 29. Nxd6+ Kf8 30. Nxc8 Qxa2) 28. Rc6 {[%emt 0:01:22] [#]} ({Not} 28. Nxd6 $2 Rxc8 29. Nxc8 Qc7 $19) 28... Bb8 (28... Bc4 $1 $17 29. Rc1 Bb8 30. Nh6+ Kh7) 29. Ra1 $11 b3 {[%emt 0:00:36] And now ...Qd2 would win.} 30. Rf1 Qb5 {[%emt 0:03:09] Hoping for ...a5.} 31. Rc5 $2 ({White should play} 31. Rfc1 $11) 31... Qe2 $2 32. Bxe2 {[%emt 0:00:05] Weighted Error Value: White=0.54/Black=0.54} 1-0

[Event "Marcel Invitational Chess-ch 2022"]
[Site "Dhaka"]
[Date "2022.04.26"]
[Round "8.1"]
[White "Ahmed, Shafiq"]
[Black "Mohammad Minhaz Uddin"]
[Result "0-1"]
[ECO "C42"]
[WhiteElo "2090"]
[BlackElo "2267"]
[Annotator "TA"]
[PlyCount "68"]
[EventDate "2022.04.18"]
[EventCountry "BAN"]
[SourceTitle "playchess.com"]
[Source "ChessBase"]
[SourceQuality "1"]
[TimeControl "5400+30"]

1. e4 e5 2. Nf3 Nf6 3. Nxe5 d6 4. Nf3 Nxe4 5. Qe2 Qe7 6. d3 Nf6 7. Bg5 Be6 8. Nc3 h6 9. Bh4 {[%emt 0:00:52] C42: Petroff Defence: 3 Nxe5 and unusual White 3rd moves.} (9. Bxf6 $14 gxf6 10. d4) 9... g5 $15 10. Bg3 Nh5 11. Nd4 {[%emt 0:01:14] The position is equal.} Nxg3 12. hxg3 {[%emt 0:00:03] [#]} Nc6 $146 ({Predecessor:} 12... Bg7 13. Ncb5 a6 14. Nxe6 fxe6 15. Qh5+ Kd7 16. Nc3 Nc6 17. Qg6 Raf8 18. f3 d5 {0-1 (25) Cachero Ramirez,E-Blanco Fernandez,E Gijon 1999}) 13. Nxc6 bxc6 14. O-O-O Bg7 15. d4 O-O 16. f4 (16. Qa6 $11 {remains equal.}) 16... g4 (16... Rfe8 $1 $17) 17. Qe3 {[%emt 0:03:38][%cal Of4f5] Black must now prevent f5!} (17. Rh5 $5 f5 18. Rh1 $11) 17... Rfe8 18. Bd3 f5 {[%emt 0:08:25] Prevents Qe4.} (18... Qf6 $15) 19. Qg1 ({Better is} 19. d5 $11 cxd5 20. Bb5) 19... Qf7 20. Qh2 {[%emt 0:01:39] Black keeps a firm grip on the game.} (20. Re1 $15) 20... Bxa2 $17 21. Bxf5 Qxf5 $19 22. Nxa2 Re2 23. Rd2 (23. Rd3 $142 c5 24. Qh5 (24. Nc3 $2 Rxc2+ 25. Kxc2 c4 $19) 24... Qxh5 25. Rxh5) 23... Rxd2 24. Kxd2 Qd5 (24... Bxd4 25. Qxh6 Rb8 26. Rh5 $15) 25. Nb4 Qxd4+ 26. Nd3 c5 $1 (26... Re8 27. Qh5 Re4 28. Kc1 $11 (28. Kd1 c5 $17)) 27. c3 Qd5 28. Qh5 Qxg2+ 29. Kc1 Qf3 (29... Qxg3 $2 30. Qd5+ Kh7 31. Qe4+ Kg8 32. Qxa8+ Kf7 33. Qd5+ Ke7 34. Qe4+ Kf6 35. Re1 $18) 30. Nf2 {[%emt 0:03:35] [#]} Qe3+ $1 (30... Qxf2 31. Qd5+ Kh7 32. Qe4+ (32. Qxa8 Qe3+ 33. Kb1 Qd3+ 34. Ka2 Qc4+ 35. Ka1 Qa6+ 36. Kb1 Qd3+ 37. Ka2 Qc4+ 38. Kb1 d5 $11) 32... Kg8 33. Qxa8+ Bf8 34. Qd5+ (34. Qxa7 $2 Qe3+ 35. Kc2 Qe4+ 36. Kb3 Qxh1 $19) 34... Kh8 35. Qd3 $16) 31. Kd1 $2 {[%emt 0:00:10] [#]} (31. Kb1 Rb8 32. Nxg4) 31... Re8 $1 {[%emt 0:01:58] And now ...Qf3+ would win. Black is clearly winning.} ({Less strong is} 31... Qxf2 32. Qd5+ Kh7 33. Qe4+ Kg8 34. Qxa8+ Bf8 35. Re1 $14) 32. Qd5+ Kh8 33. Qd2 Qf3+ 34. Kc1 Re2 {[%emt 0:00:02] Weighted Error Value: White=0.72/Black=0.12 (very precise)} 0-1

[Event "Marcel Invitational Chess-ch 2022"]
[Site "Dhaka"]
[Date "2022.04.26"]
[Round "8.2"]
[White "Ahmed, Sheikh Nasir"]
[Black "abu, Hanif"]
[Result "1-0"]
[ECO "C00"]
[WhiteElo "2168"]
[BlackElo "2023"]
[Annotator "TA"]
[PlyCount "105"]
[EventDate "2022.04.18"]
[EventCountry "BAN"]
[SourceTitle "playchess.com"]
[Source "ChessBase"]
[SourceQuality "1"]
[TimeControl "5400+30"]

1. e4 e6 2. Qe2 c6 3. Nf3 d5 4. d3 Nf6 5. e5 Nfd7 6. g3 $1 {[%emt 0:00:00] C00: French: Unusual White 2nd moves.} b6 7. Bg2 {[%emt 0:00:00] [#]} Bb7 $146 ({Predecessor:} 7... Ba6 8. O-O Qc7 9. Re1 h6 10. h4 Be7 11. h5 Nf8 12. c4 Nbd7 13. Nc3 Bb4 {1-0 (41) Fedorov,A (2618)-Mihet,V (2076) Eforie Nord 2010}) 8. O-O {[%emt 0:00:00] White is slightly better.} Be7 9. h4 h6 10. Re1 Na6 11. Nbd2 Qc7 12. Nf1 c5 13. c4 Bc6 14. Bf4 Qb7 15. a3 Nc7 16. Bd2 a5 {[%emt 0:00:19] Prevents b4.} 17. b3 b5 18. Reb1 Qa6 (18... a4 $15) 19. Ne3 Nb6 20. Rc1 Qb7 (20... a4 $11 21. b4 dxc4) 21. h5 (21. cxb5 $16 Nxb5 22. a4) 21... a4 22. b4 d4 23. Ng4 (23. Nc2 $14) 23... bxc4 (23... cxb4 $11 24. axb4 Rd8) 24. dxc4 $14 Qc8 ({Better is} 24... Rd8 $14) 25. bxc5 (25. b5 $16 Bb7 26. Ne1) 25... Bxc5 $11 26. Bb4 Na6 (26... Bxb4 $2 27. axb4 Nd7 28. b5 $18 (28. Nxd4 Bxg2 29. Kxg2 Qb7+ 30. Qf3 Qxf3+ 31. Kxf3 O-O $18)) 27. Bxc5 Nxc5 28. Nxd4 Bxg2 29. Kxg2 O-O (29... Nb3 $11 30. Nxb3 axb3) 30. Rab1 $16 Rb8 31. Qf3 {[%emt 0:00:00] Hoping for Nc6.} Qa6 32. Rb5 Nbd7 33. Rcb1 Rbc8 {[%emt 0:00:14] Inhibits Nc6.} 34. Kg1 {[%emt 0:00:00] &Bianco is much more active.} Kh8 35. Qe3 Kh7 36. f4 Rfe8 37. Nf2 Qa8 38. Qc3 Kg8 39. Ra5 Rb8 40. Rbb5 Rxb5 41. Rxb5 (41. cxb5 $142 Qd5 42. Ra7) 41... Rd8 42. Qa5 Qc8 $2 {[%emt 0:01:15] [#] Black cannot hold the game after this.} (42... Qxa5 $16 43. Rxa5 Rc8) 43. Nc6 $1 $18 Qxc6 (43... Re8 {might work better.}) 44. Qxd8+ Kh7 45. Qe7 Qf3 46. Rxc5 Qxg3+ 47. Kf1 Qxa3 {[%emt 0:00:04] [#]} (47... Nxc5 $142 48. Qxc5 Qxf4) 48. Qxd7 $1 {[%emt 0:00:28] Intending Qd3+ and mate.} Qxc5 49. Qxa4 g6 50. hxg6+ Kxg6 51. Qc2+ Kh5 52. Ne4 Qc6 53. Nf6+ {[%emt 0:00:40] Weighted Error Value: White=0.16 (very precise) /Black=0.52} 1-0

[Event "Marcel Invitational Chess-ch 2022"]
[Site "Dhaka"]
[Date "2022.04.26"]
[Round "8.3"]
[White "Anata, Choudhury"]
[Black "Rahman, Syed Mahfuzur"]
[Result "1/2-1/2"]
[ECO "B33"]
[WhiteElo "2170"]
[BlackElo "2113"]
[Annotator "TA"]
[PlyCount "135"]
[EventDate "2022.04.18"]
[EventCountry "BAN"]
[SourceTitle "playchess.com"]
[Source "ChessBase"]
[SourceQuality "1"]
[TimeControl "5400+30"]

1. e4 c5 2. Nf3 Nc6 3. d4 cxd4 4. Nxd4 Nf6 5. Nc3 e5 6. Ndb5 d6 7. Nd5 Nxd5 8. exd5 Ne7 9. c4 Ng6 10. Qa4 Bd7 11. Qb4 Qb8 {[%emt 0:04:14] B33: Sicilian: Pelikan and Sveshnikov Variations.} 12. h4 a6 13. Nc3 (13. h5 {seems wilder.} axb5 14. hxg6 Ra4 15. gxf7+ Kxf7 16. Qb3) 13... Be7 14. g3 {[%emt 0:03:13] [#]} O-O $146 ({Predecessor:} 14... h5 15. Be2 f5 16. Be3 Bd8 17. c5 f4 18. Bd3 O-O 19. Bxg6 fxe3 20. fxe3 Bg4 21. cxd6 {0-1 (27) Herrera Ortiz,M (2250)-Reinderman,D (2410) Antwerp 1992}) 15. h5 Nh8 16. Be3 f5 17. O-O-O Nf7 18. Kb1 e4 19. Be2 Ne5 20. Na4 {[%emt 0:03:08] Strongly threatening Nb6.} Bxa4 21. Qxa4 Qc7 22. Rc1 (22. h6 $5 ) 22... b6 23. Qc2 Qb7 (23... Rae8 $11 {keeps the balance.}) 24. Rhd1 Rac8 25. Qd2 Bf6 26. Qb4 Qe7 27. Qd2 (27. Bxb6 Rb8 28. Qb3 Nd7 $17) 27... Rb8 28. Bf4 Rfc8 29. Qe3 Rc5 30. g4 Nxg4 31. Bxg4 fxg4 32. Qg3 Rd8 (32... e3 $11 {deserves consideration.} 33. Rc2 (33. Qxe3 b5 $11) (33. Bxe3 Qe4+ 34. Ka1 Be5 $17) 33... Qe4 34. Qxe3 Rxc4 35. Qxe4 Rxe4 36. Bxd6 Rbe8) 33. Be3 $14 Rcc8 34. Bxb6 Rb8 35. Bd4 Bxd4 36. Rxd4 Qf6 37. Qe3 (37. Rd2 $11) 37... Re8 38. c5 dxc5 (38... Rxb2+ $5 39. Kxb2 dxc5 40. Rxc5 Qb6+ 41. Qb3 Qxc5 42. d6+ Kf8 $15) 39. Rxc5 {[%emt 0:00:03] [#]} Rxb2+ $1 40. Kxb2 Qb6+ 41. Qb3 Qxc5 $15 {[%emt 0:00:01][%mdl 4096] Endgame KQR-KQR} 42. d6+ Kh8 (42... Kf8 $15 43. Qb4 Qxb4+ 44. Rxb4 g6) 43. Qb4 $11 {[%emt 0:03:05] Active counter play! The position is equal.} Qxb4+ (43... Qxh5 $2 44. d7 Rd8 45. Qe7 Qb5+ 46. Rb4 Qe2+ 47. Ka3 Qf3+ 48. Rb3 $18) 44. Rxb4 {[%emt 0:00:09] KR-KR} Kg8 45. Kc3 Kf7 46. Kd4 Ke6 47. Rb6 Rf8 48. Rxa6 Rxf2 {[%emt 0:00:14] Threatens to win with ...Kf5.} 49. Ra7 Kxd6 50. Rxg7 Rxa2 51. Rxh7 Ra4+ 52. Ke3 Ke5 53. Re7+ Kf5 {[%emt 0:00:01] [#] White must now prevent ...Ra3+.} 54. h6 Ra3+ 55. Kf2 Rh3 56. h7 Kf4 (56... e3+ $5 57. Ke2 Kg6 $11) 57. Rf7+ Ke5 58. Re7+ Kd5 59. Rd7+ Ke6 60. Rg7 Kf5 61. Rf7+ $1 Kg5 62. Rg7+ Kf5 63. Rf7+ Kg6 64. Re7 Rxh7 65. Rxe4 Kf5 66. Re8 $1 Rh2+ 67. Kg3 Rh3+ 68. Kg2 {[%emt 0:05:32] Weighted Error Value: White=0.08 (flawless) /Black=0.07 (flawless)} 1/2-1/2